 Dungeon Crawl Stone Soup version 0.22.1-1-ga44c0e5 (webtiles) character file.

53 dohliylev the Sneak (level 3, -2/36 HPs)
             Began as a Vampire Enchanter on Nov 8, 2018.
             Slain by an adder (3 damage)
             ... on level 2 of the Dungeon.
             The game lasted 00:06:38 (1405 turns).

dohliylev the Sneak (Vampire Enchanter)             Turns: 1405, Time: 00:06:39

Health: -2/36      AC:  3    Str: 12    XL:     3   Next: 64%
Magic:  1/6        EV: 12    Int: 18    God:
Gold:   131        SH:  0    Dex: 14    Spells: 3/6 levels left

rFire    . . .     SeeInvis +   a - +1 dagger
rCold    . . .     Gourm    .   (no shield)
rNeg     . . .     Faith    .   b - +0 robe
rPois    .         Spirit   .   (no helmet)
rElec    .         Reflect  .   e - scarf {cloud immunity}
rCorr    .         Harm     .   j - +0 pair of gloves (curse)
MR       .....                  (no boots)
Stlth    ..........             (no amulet)
HPRegen  0.32/turn              (no ring)
MPRegen  0.10/turn              (no ring)

@: berserking, lethally poisoned (-2 -> -3), regenerating quickly, very quick
A: fangs 3, see invisible, unbreathing
a: no special abilities


You were on level 2 of the Dungeon.
You were very full.

You visited 1 branch of the dungeon, and saw 2 of its levels.

You collected 131 gold pieces.

Inventory:

Hand Weapons
 a - a +1 dagger (weapon)
Armour
 b - a +0 robe (worn)
 e - a scarf of cloud immunity (worn)
 j - a cursed +0 pair of gloves (worn)
Scrolls
 g - 2 scrolls of remove curse {unknown}
Potions
 c - 2 potions of lignification {unknown}
 d - 6 potions of blood
 f - a potion of heal wounds {unknown}
 h - a potion of berserk rage
 i - a potion of might {unknown}
 k - a potion of magic {unknown}
 l - a potion of haste {unknown}


   Skills:
 - Level 1.1 Short Blades
 - Level 2.1 Dodging
 + Level 6.6 Stealth
 - Level 2.0 Spellcasting
 - Level 4.7 Hexes
 + Level 0.9 Ice Magic


You had 3 spell levels left.
You knew the following spells:

 Your Spells              Type           Power        Failure   Level  Hunger
a - Corona                Hex            ###....      2%          1    #......
b - Ensorcelled Hibernat  Hex/Ice        ##....       9%          2    ###....

Your spell library contained the following spells:

 Spells                   Type           Power        Failure   Level  Hunger
 Confuse                  Hex            ###.....     8%          3    ###....
 Tukima's Dance           Hex            ###.....     8%          3    ###....
 Dazzling Spray           Conj/Hex       ##....       21%         3    ###....


Dungeon Overview and Level Annotations

Branches:
Dungeon (2/15)

Altars:

Annotations:
D:2 1 runed door


Innate Abilities, Weirdness & Mutations

Your natural rate of healing is unusually fast.
You have razor-sharp teeth.
You have supernaturally acute eyesight. (SInv)
You can survive without breathing.


Message History

You hit the adder but do no damage. The adder closely misses you.
You closely miss the adder. The adder bites you.
You are poisoned.
The adder poisons you! The adder bites you.
You are more poisoned.
The adder poisons you!
You hit the adder but do no damage. You bite the adder.
The adder is heavily wounded.
You feel sick. The adder bites you.
* * * LOW HITPOINT WARNING * * *
It was a potion of berserk rage.
A red film seems to cover your vision as you go berserk!
You feel yourself moving faster!
You feel mighty!
You feel sick. The adder bites you.
* * * LOW HITPOINT WARNING * * *
You are too berserk!
You hit the adder.
The adder is almost dead.
The adder bites you.
You die...

#...###.#..# #.# #.#
###...###....# #.# #.#
#..........(.# #.# #.#
#............###.## #.#
#.............)...# #.#
#.........#..###..# #.#
#.........#..# #..#
#............# #.<#
#.........##.# #@## #
#.........##.###S####.##
..........##....S......#
#.###########.....)....#
#.# #..............#
#.#### #...^...$.?.[..#
(....# #.........<....#
.....# #..............#
.....# #####..........#


You could see an adder and a ball python.

Vanquished Creatures
  A worm (D:2)
  2 dart slugs (D:1)
  2 leopard geckos (D:1)
  4 giant cockroaches
  5 goblins
  6 hobgoblins
  3 jackals (D:1)
  A quokka (D:2)
  2 ball pythons (D:1)
  8 bats
  2 frilled lizards
  4 kobolds (D:1)
  3 rats (D:1)
43 creatures vanquished.

Notes
Turn   | Place    | Note
-------+----------+-------------------------------------------
     0 | D:1      | dohliylev the Vampire Enchanter began the quest for the
                  | Orb.
     0 | D:1      | Reached XP level 1. HP: 13/13 MP: 3/3
   518 | D:1      | Reached skill level 5 in Stealth
   518 | D:1      | Reached XP level 2. HP: 14/19 MP: 1/5
   552 | D:1      | Learned a level 2 spell: Ensorcelled Hibernation
   865 | D:1      | Reached skill level 6 in Stealth
   870 | D:1      | Reached XP level 3. HP: 21/24 MP: 1/6
  1193 | D:2      | Found a runed door.
  1404 | D:2      | HP: 1/36 [adder (5)]
  1405 | D:2      | Slain by an adder

Skill      XL: |  1  2 |
---------------+-------+-----
Stealth        | 5 6 |  6.6
Short Blades   | |  1.1
Dodging        | |  2.1
Spellcasting   | |  2.0
Hexes          | |  4.7
Ice Magic      | |  0.9

Action                   || total
-------------------------++-------
Melee: Dagger            ||   125
       Bite              ||     9
 Cast: Corona            ||     5
       Ensorcelled Hiber ||    22
  Use: Potion            ||     1
 Stab: Sleeping          ||    18
  Eat: Corpse            ||    12
Armor: Robe              ||    40
Dodge: Dodged            ||   104
